 Dungeon Crawl Stone Soup version 0.28-a0-1080-g05a166d0ed (webtiles) character file.

Game seed: 605351879261732416

2198 ragingrage the Spear-Bearer (level 9, -14/48 HPs)
             Began as a Gargoyle Gladiator on Dec 9, 2021.
             Killed from afar by a centaur (47 damage)
             ... with a bolt of acid
             ... on level 8 of the Dungeon.
             The game lasted 00:08:47 (8370 turns).

ragingrage the Spear-Bearer (Gargoyle Gladiator)    Turns: 8370, Time: 00:08:47

Health: -14/48     AC: 22    Str: 21    XL:     9   Next: 34%
Magic:  9/9        EV:  7    Int:  5    God:
Gold:   385        SH:  5    Dex: 22    Spells: 8/8 levels left

rFire   . . .      SeeInvis +   a - +0 trident
rCold   + . .      Faith    .   (no shield)
rNeg    + . .      Spirit   .   G - +2 plate armour {rC+}
rPois   ∞          Reflect  +   c - +0 helmet
rElec   +          Harm     .   F - +0 cloak
rCorr   .          Rampage  .   I - +0 pair of gloves
Will    .....                   (no boots)
Stlth   ..........              j - amulet of reflection
HPRegen 0.16/turn               s - ring "Umiogh" {Fly Str+4 Int-5 Dex+7 SInv}
MPRegen 0.11/turn               o - +4 ring of protection

@: corroded, flying
A: sickness immunity, AC +6, negative energy resistance 1, electricity
resistance, torment resistance 1, petrification resistance
a: no special abilities


You were on level 8 of the Dungeon.
You visited 2 branches of the dungeon, and saw 9 of its levels.
You also visited: Ossuary.

You collected 385 gold pieces.

Inventory:

Hand Weapons
 a - a +0 trident (weapon)
Missiles
 b - 2 javelins
 d - 2 throwing nets (quivered)
 H - 16 poisoned darts
Armour
 c - a +0 helmet (worn)
 F - a +0 cloak (worn)
 G - a +2 plate armour of cold resistance (worn)
 I - a +0 pair of gloves (worn)
Jewellery
 j - an amulet of reflection (around neck)
 o - a +4 ring of protection (right hand)
 s - the ring "Umiogh" (left hand) {Fly Str+4 Int-5 Dex+7 SInv}
   (You took it off a goblin on level 4 of the Dungeon)

   [ring of see invisible]

   Str:       It affects your strength (+4).
   Int:       It affects your intelligence (-5).
   Dex:       It affects your dexterity (+7).
   SInv:      It lets you see invisible.
   Fly:       It grants you flight.
 A - a ring of willpower
 C - a ring of willpower
Wands
 g - a wand of flame (5)
Scrolls
 e - 4 scrolls of noise
 f - 2 scrolls of amnesia
 h - 3 scrolls of fog {unknown}
 k - 2 scrolls of fear {unknown}
 l - 2 scrolls of immolation {unknown}
 n - 2 scrolls of brand weapon {unknown}
 p - 2 scrolls of acquirement {unknown}
 r - 4 scrolls of identify
 y - 2 scrolls of magic mapping {unknown}
 D - a scroll of torment {unknown}
 E - a scroll of vulnerability {unknown}
Potions
 i - 3 potions of mutation
 m - 4 potions of curing {unknown}
 q - 2 potions of heal wounds
 t - 2 potions of haste
 u - a potion of resistance
 v - 2 potions of attraction {unknown}
 w - 4 potions of lignification
 x - a potion of berserk rage
 z - a potion of brilliance {unknown}
 B - a potion of might {unknown}


   Skills:
 - Level 2.1 Fighting
 * Level 11.3 Polearms
 - Level 1.7 Throwing
 - Level 1.2 Armour
 - Level 2.4 Dodging


You had 8 spell levels left.
You didn't know any spells.
Your spell library contained the following spells:

 Spells                   Type           Power      Damage    Failure   Level
 Shock                    Conj/Air       0%         1d3       100%        1
 Conjure Flame            Conj/Fire      0%         6-21      100%        3
 Ignite Poison            Fire/Tmut/Pois 0%         N/A       100%        3
 Swiftness                Air            0%         N/A       100%        3
 Airstrike                Air            0%         N/A       100%        4
 Sticky Flame             Conj/Fire      0%         2d3       100%        4


Dungeon Overview and Level Annotations

Branches:
Dungeon (8/15)             Temple (1/1) D:6         Ossuary (visited)
   Lair: D:8-11

Altars:
Ashenzari
Dithmenos
Elyvilon
Fedhas
Hepliaklqana
Kikubaaqudgha
Nemelex Xobeh
Qazlal
Ru
Sif Muna
Trog
Uskayaw
Vehumet
Wu Jian
Xom
Yredelemnul
The Shining One

Shops:
D:3 *

Annotations:
D:3 Sigmund


Innate Abilities, Weirdness & Mutations

You are immune to sickness and miasma.
Your stone body is resilient. (AC +6)
You are immune to poison.
You resist negative energy. (rN+)
You are resistant to electric shocks. (rElec)
You are resistant to unholy torment.
You are immune to petrification.


Message History

The jelly barely misses you.
You puncture the jelly!
You kill the jelly!
No target in view!
No target in view!
You are no longer corroded.
Found a stone staircase leading up.
There is a stone staircase leading up here.
Found an escape hatch in the ceiling.
Found a glowing arbalest.
No target in view!
No target in view!
No target in view!
No target in view!
You see here a +2 arbalest of freezing.
J - a +2 arbalest of freezing You drop a +2 arbalest of freezing.
r - 4 scrolls of identify (gained 1)
You now have 385 gold pieces (gained 6).
A centaur comes into view. It is carrying a wand of acid (12).
The centaur shouts!
A centaur is nearby!
A centaur is nearby!
The centaur wields a +0 shortbow.
The centaur shoots an arrow.
The arrow hits you but does no damage.
The centaur zaps a wand.
The bolt of acid hits you! The acid corrodes you!
The centaur shoots an arrow.
The arrow barely misses you.
The centaur unwields a +0 shortbow.
The centaur hits you but does no damage.
The centaur kicks you but does no damage.
The centaur barely misses you.
The centaur kicks you but does no damage.
You puncture the centaur!
The centaur is heavily wounded.
The centaur zaps a wand.
The bolt of acid misses you.
You hit the centaur but do no damage.
The centaur is heavily wounded.
The centaur zaps a wand.
The bolt of acid hits you!!!
Ouch! That really hurt!
You die...

# #.# #.#.# c#.# ...
##.#######
........##.
#c#........ #@#.# #.#
# #.#.# #.# #. #.#.#
#.# #.######...###.##
..###.#.............#
............#..###..#
.#.##.....#.#..# #..#
>....##.#.#.#..# #..#
##...##.#.#.#..# #..#


You could see a centaur.

Vanquished Creatures
  An orc warrior (D:7)
  A black bear (D:7)
  A sky beast (D:5)
  An ogre (D:4)
  A centaur (D:8)
  A bullfrog (D:7)
  12 scorpions
  6 killer bees (D:8)
  A howler monkey (D:6)
  3 jellies
  2 human zombies (Ossuary)
  2 hounds
  2 centaur zombies
  A bullfrog skeleton (D:5)
  3 iguanas
  3 scorpion zombies (Ossuary)
  A killer bee zombie (D:6)
  A hound skeleton (D:4)
  3 mummies (Ossuary)
  7 adders
  A shadow imp (D:8)
  2 ufetubi
  An adder skeleton (D:4)
  2 worms
  3 orcs
  6 endoplasms
  6 giant cockroaches
  3 gnoll zombies (Ossuary)
  4 goblins
  6 hobgoblins
  3 jackals
  2 quokkas
  7 ball pythons
  4 bats
  5 frilled lizards
  2 goblin zombies (Ossuary)
  2 hobgoblin zombies (Ossuary)
  3 kobolds
  4 kobold zombies (Ossuary)
  2 orc zombies (Ossuary)
  8 rats
129 creatures vanquished.

Notes
Turn   | Place    | Note
-------+----------+-------------------------------------------
     0 | D:1      | ragingrage the Gargoyle Gladiator began the quest for the
                  | Orb.
     0 | D:1      | Reached XP level 1. HP: 12/12 MP: 1/1
   113 | D:1      | Reached skill level 3 in Polearms
   219 | D:1      | Reached XP level 2. HP: 17/17 MP: 2/2
   261 | D:1      | Found a faded altar of an unknown god.
   766 | D:2      | Noticed a necrophage
  1045 | D:3      | Found Banerryadd's Assorted Antiques.
  1443 | D:3      | Reached XP level 3. HP: 21/21 MP: 3/3
  1537 | D:3      | Reached skill level 4 in Polearms
  1755 | D:2      | Reached XP level 4. HP: 24/26 MP: 4/4
  2322 | D:3      | Noticed Sigmund
  2344 | D:4      | Noticed a scorpion
  2355 | D:4      | Killed a scorpion
  2356 | D:4      | Reached skill level 5 in Polearms
  2356 | D:4      | Reached XP level 5. HP: 5/30 MP: 5/5
  2618 | D:4      | Found a sand-covered staircase.
  2622 | Ossuary  | Entered an ossuary
  2640 | Ossuary  | Reached XP level 6. HP: 32/35 MP: 6/6
  2717 | Ossuary  | Reached skill level 6 in Polearms
  2905 | Ossuary  | Reached skill level 7 in Polearms
  2905 | Ossuary  | Reached XP level 7. HP: 35/40 MP: 7/7
  3502 | Ossuary  | Reached skill level 8 in Polearms
  3761 | Ossuary  | Reached XP level 8. HP: 38/44 MP: 8/8
  3786 | Ossuary  | Reached skill level 9 in Polearms
  4379 | D:4      | Identified the ring "Umiogh" {Fly Str+4 Int-5 Dex+7 SInv}
  5017 | D:5      | Entered Level 5 of the Dungeon
  5914 | D:6      | Found a staircase to the Ecumenical Temple.
  5924 | Temple   | Entered the Ecumenical Temple
  6111 | D:6      | Reached skill level 10 in Polearms
  7402 | D:7      | Reached XP level 9. HP: 35/48 MP: 9/9
  7544 | D:7      | Found a white marble altar of Elyvilon.
  7845 | D:8      | Reached skill level 1 in Armour
  8079 | D:8      | Reached skill level 11 in Polearms
  8370 | D:8      | Killed from afar by a centaur

Illustrated notes

Levels and vault maps discovered:
D:1:      heliophobic_arrival_dark_side_of_the_moon, layout_basic,
          ebering_ecumenical_altar_webs, serial_bayou_ford_a
D:2:      layout_loops_ring, basic_altar, minmay_joined_circles
D:3:      layout_basic, zin_statuary, serial_shops, shop, serial_rivers,
          chequers_serial_rivers_room_b, chequers_serial_rivers_micro_e,
          chequers_serial_rivers_marsh, chequers_serial_rivers_large_b,
          chequers_serial_rivers_micro_e, gammafunk_ghost_smash,
          grunt_decor_arrowhead, minmay_pentomino_pile, uniq_jessica,
          uniq_sigmund
D:4:      cheibrodos_quashed, layout_basic, enter_ossuary_5, dk_vineyard_3
D:5:      layout_loops_corners
D:6:      minmay_spotlight, layout_basic, minmay_temple_entry_statues
D:7:      layout_cave_pools, mainiacjoe_overflow_boulevard,
          nicolae_concentric_dashed_squares_mild
D:8:      layout_basic, guppyfry_early_elven_hall
Temple:   nicolae_temple_elliptical

Skill      XL: |  1  2  3  4  5  6  7  8  9 |
---------------+----------------------------+-----
Polearms       | 3 4 5 7 8 10 11 | 11.3
Armour         | 1 |  1.2
Fighting       | |  2.1
Throwing       | |  1.7
Dodging        | |  2.4

Action                   |  1- 3 |  4- 6 |  7- 9 || total
-------------------------+-------+-------+-------++-------
Melee: Trident           |   121 |   147 |   427 ||   695
Throw: Throwing net      |     1 |     2 |     1 ||     4
  Use: Potion            |       |     1 |     1 ||     2
       Scroll            |       |       |     9 ||     9
 Stab: Sleeping          |     2 |       |     1 ||     3
       Held in net/web   |       |     1 |     1 ||     2
Armor: Leather armour    |    37 |    50 |   108 ||   195
       Skin              |       |       |     3 ||     3
       Plate armour      |       |       |    61 ||    61
Dodge: Dodged            |    74 |    49 |   156 ||   279
Block: Other             |     9 |    33 |    74 ||   116
       Reflection        |       |     1 |       ||     1

Table legend: (Time is in decaauts)
 A = Elapsed time spent in this place.
 B = Non-inter-level travel time spent in this place.
 C = Inter-level travel time spent in this place.
 D = Time resting spent in this place.
 E = Time spent auto-exploring this place.
 F = Levels seen in this place.
 G = Mean time per level.
                   A        B        C        D        E       F      G
               +--------+--------+--------+--------+--------+-----+--------+
         Total |   8369 |   8169 |    200 |   1956 |   4671 |  10 |  836.9 |
       Dungeon |   6787 |   6596 |    191 |   1288 |   4148 |   8 |  848.4 |
        Temple |    155 |    146 |      9 |      0 |    121 |   1 |  155.0 |
       Ossuary |   1426 |   1426 |      0 |    668 |    402 |   1 | 1426.0 |
               +--------+--------+--------+--------+--------+-----+--------+

Top non-repeatable levels by time:
 Ossuary: 1426 daAuts
     D:4: 1232 daAuts
     D:6: 957 daAuts
     D:1: 876 daAuts
     D:5: 859 daAuts
     D:3: 796 daAuts
     D:2: 728 daAuts
     D:7: 714 daAuts
     D:8: 622 daAuts
  Temple: 155 daAuts
